 Dungeon Crawl Stone Soup version 0.30-a0-389-g8d7d949f56 (webtiles) character file.

Game seed: 11026098898245455127

61 cheesebisquit the Chopper (level 3, -3/33 HPs)
             Began as a Minotaur Berserker on Dec 3, 2022.
             Was a Follower of Trog.
             Slain by Natasha (6 damage)
             ... on level 2 of the Dungeon.
             The game lasted 00:07:22 (1424 turns).

cheesebisquit the Chopper (Minotaur Berserker)      Turns: 1424, Time: 00:07:22

Health: -3/33      AC:  5    Str: 29    XL:     3   Next: 83%
Magic:  2/2        EV: 11    Int:  4    God:    Trog [*.....]
Gold:   46         SH:  0    Dex:  9    Spells: 2/2 levels left

rFire   . . .      SeeInvis .    a - +0 hand axe
rCold   . . .      Faith    .    (no shield)
rNeg    . . .      Spirit   .    j - +0 ring mail
rPois   .          Reflect  .    (helmet restricted)
rElec   .          Harm     .    (no cloak)
rCorr   .          Rampage  .    (no gloves)
Will    .....                    (no boots)
Stlth   ..........               (no amulet)
HPRegen 0.25/turn                d - +6 ring of strength
MPRegen 0.08/turn                (no ring)

@: about to teleport, on berserk cooldown, slowed, very slow
A: horns 2, retaliatory headbutt
a: Renounce Religion, Berserk


You were on level 2 of the Dungeon.
You worshipped Trog.
Trog was aware of your devotion.
You visited 1 branch of the dungeon, and saw 2 of its levels.

You collected 46 gold pieces.

Inventory:

Hand Weapons
 a - a +0 hand axe (weapon)
Missiles
 i - 18 stones (quivered)
Armour
 b - a +0 animal skin
 j - a +0 ring mail (worn)
Jewellery
 d - a +6 ring of strength (left hand)
Scrolls
 f - a scroll of fog {unknown}
Potions
 g - a potion of mutation
 h - a potion of haste


   Skills:
 - Level 3.7 Fighting
 + Level 5.5 Axes
 - Level 2.4 Armour
 - Level 2.4 Dodging


You had 2 spell levels left.
You didn't know any spells.
Your spell library was empty.

Dungeon Overview and Level Annotations

Branches:
Dungeon (2/15)

Altars:

Annotations:
D:2 Natasha


Innate Abilities, Weirdness & Mutations

You have a pair of horns on your head.
You reflexively headbutt those who attack you in melee.


Message History

You kill Natasha!
Trog accepts your kill.
Trog appreciates your killing of a magic user.
You hear a faint echoing roar filled with hate and sorrow!
The crimson imp disappears in a puff of smoke!
There is an open door here.
You see here the felid corpse of Natasha.
You feel a strong urge to attack something.
You feel your anger nearly subside.
You are no longer berserk.
You are exhausted.
You feel yourself slow down.
You start resting.
Natasha, Servant of Life and Death comes into view.
Natasha growls.
Natasha stares at you and mumbles some strange words.
The magic dart hits you.
Natasha stares at you and mumbles some strange words.
The magic dart hits you. Natasha casts a spell at you.
You feel as though you will be slow longer.
Natasha closely misses you.
There is an open door here.
You see here the felid corpse of Natasha.
You hit Natasha.
Natasha is lightly wounded.
Natasha closely misses you.
You hit Natasha but do no damage.
Natasha is lightly wounded.
Natasha howls an incantation.
Natasha shimmers violently.
Natasha claws you. x2
You closely miss Natasha. Your headbutt misses Natasha.
Natasha casts a spell at you. The magic dart hits you!
* * * LOW HITPOINT WARNING * * *
Okay, then.
Okay, then.
As you read the scroll of teleportation, it crumbles to dust.
You feel strangely unstable. Natasha barely misses you. Natasha claws you.
You die...

# ###+# .
#....#####.
#.........
#........#
.........+
.........#
......h..#
#.#.#.#@##
#.#.#
...####.#.#
.......<..#
....#.#.#....#
. # #.#.#....#
.........+
..####....#
... ...h.


You could see Natasha.

Vanquished Creatures
  Natasha (D:2)
  An adder (D:2)
  2 dart slugs
  5 goblins (D:1)
  2 hobgoblins (D:1)
  3 kobolds (D:1)
  3 quokkas (D:1)
  2 ball pythons (D:1)
  A bat (D:1)
  A frilled lizard (D:1)
  4 rats (D:1)
25 creatures vanquished.

Vanquished Creatures (others)
  4 plants (D:1)
4 creatures vanquished.

Grand Total: 29 creatures vanquished

Notes
Turn   | Place    | Note
-------+----------+-------------------------------------------
     0 | D:1      | cheesebisquit the Minotaur Berserker began the quest for
                  | the Orb.
     0 | D:1      | Reached XP level 1. HP: 19/19 MP: 0/0
   206 | D:1      | Reached skill level 4 in Axes
   219 | D:1      | Reached XP level 2. HP: 22/27 MP: 1/1
  1389 | D:2      | Noticed Natasha
  1396 | D:2      | Noticed a crimson imp
  1404 | D:2      | Reached skill level 5 in Axes
  1404 | D:2      | Reached XP level 3. HP: 28/33 MP: 2/2
  1405 | D:2      | Killed Natasha
  1415 | D:2      | Noticed Natasha
  1424 | D:2      | Slain by Natasha

Illustrated notes

Levels and vault maps discovered:
D:1:      eino_arrival_druids_welcome, layout_basic, chequers_big_river
D:2:      layout_basic, serial_bayou, serial_bayou_shore_a, serial_bayou_pond_b,
          serial_bayou_pond_d, serial_bayou_ford_a, uniq_natasha, uniq_terence,
          uniq_sigmund

Skill      XL: |  1  2 |
---------------+-------+-----
Axes           | 4 5 |  5.5
Fighting       | |  3.7
Armour         | |  2.4
Dodging        | |  2.4

Action                   || total
-------------------------++-------
Melee: Hand axe          ||    53
       Headbutt          ||     4
Invok: Berserk           ||     1
  Use: Scroll            ||     4
Armor: Animal skin       ||     3
       Ring mail         ||     5
Dodge: Dodged            ||    26

Table legend: (Time is in decaauts)
 A = Elapsed time spent in this place.
 B = Non-inter-level travel time spent in this place.
 C = Inter-level travel time spent in this place.
 D = Time resting spent in this place.
 E = Time spent auto-exploring this place.
 F = Levels seen in this place.
 G = Mean time per level.
                   A        B        C        D        E       F      G
               +--------+--------+--------+--------+--------+-----+--------+
         Total |   1442 |   1409 |     33 |      9 |   1154 |   2 |  721.0 |
       Dungeon |   1442 |   1409 |     33 |      9 |   1154 |   2 |  721.0 |
               +--------+--------+--------+--------+--------+-----+--------+

Top non-repeatable levels by time:
     D:1: 1398 daAuts
     D:2: 43 daAuts
